 Dungeon Crawl Stone Soup version 0.30-a0-639-g3916f1956a (webtiles) character file.

Game seed: 3939313064287563248

221 demibob the Chopper (level 5, -4/41 HPs)
             Began as a Demonspawn Berserker on Jan 16, 2023.
             Was a Believer of Trog.
             Slain by a mummy (5 damage)
             ... in an ossuary.
             The game lasted 00:01:30 (1183 turns).

demibob the Chopper (Demonspawn Berserker)          Turns: 1183, Time: 00:01:31

Health: -4/41      AC:  7    Str: 19    XL:     5   Next: 65%
Magic:  5/5        EV: 12    Int:  9    God:    Trog [**....]
Gold:   80         SH:  0    Dex: 18    Spells: 4/4 levels left

rFire   . . .      SeeInvis .    a - +0 hand axe
rCold   . . .      Faith    .    (no shield)
rNeg    . . .      Spirit   .    b - +0 animal skin
rPois   .          Reflect  .    (no helmet)
rElec   .          Harm     .    (no cloak)
rCorr   .          Rampage  .    (no gloves)
Will    .....                    (no boots)
Stlth   ++                       (no amulet)
HPRegen 0.26/turn                D - +6 ring of dexterity
MPRegen 0.09/turn                T - +4 ring of protection

@: on berserk cooldown, slowed, very slow
A: spiny 1, sharp scales 1
a: Renounce Religion, Berserk, Trog's Hand


You were in an ossuary.
You worshipped Trog.
Trog was pleased with you.
You visited 1 branch of the dungeon, and saw 3 of its levels.
You also visited: Ossuary.

You collected 80 gold pieces.


Innate Abilities, Weirdness & Mutations

You are partially covered in sharp spines.
You are partially covered in razor-sharp scales. (AC +1, Slay +1)


   Skills:
 - Level 3.0 Fighting
 + Level 5.9 Axes
 - Level 1.7 Armour
 - Level 1.7 Dodging


You had 4 spell levels left.
You didn't know any spells.
Your spell library was empty.

Inventory:

Hand Weapons
 a - a +0 hand axe (weapon)
Armour
 b - a +0 animal skin (worn)
Jewellery
 c - an amulet of magic regeneration
 D - a +6 ring of dexterity (left hand)
 L - a ring of flight
 T - a +4 ring of protection (right hand)
Potions
 d - a potion of heal wounds {unknown}
 f - 3 potions of attraction
 g - a potion of resistance {unknown}

Dungeon Overview and Level Annotations

Branches:
Dungeon (4/15)            Ossuary (1/1)
 Temple: D:4-7

Altars:
Wu Jian

▓▓▓▓▓ ▓..∩▓
▓.∩.▓▓▓
▓...▓.▓
▒.▓▓'▓▓M▓▓'▓▓.
+.....@M......
▒+▒'▒+▒Z▒'▒'▒+
▒. .▒ ▒▒ ▒▒


You could see 2 mummies and a killer bee zombie.


Message History

The bullfrog zombie is heavily damaged.
The bullfrog zombie barely misses you.
You slash the bullfrog zombie!
The bullfrog zombie is severely damaged.
You feel your willpower return.
The bullfrog zombie is struck by your spines.
The bullfrog zombie hits you.
You hit the bullfrog zombie.
The bullfrog zombie is almost destroyed.
The bullfrog zombie hits you but does no damage.
You slash the bullfrog zombie!
You destroy the bullfrog zombie!
Trog accepts your kill.
You barely miss the mummy.
You are no longer berserk.
You are exhausted.
You feel yourself slow down. The mummy hits you!
* * * LOW HITPOINT WARNING * * *
You are too injured to fight recklessly!
You are too injured to fight recklessly!
You hit the mummy but do no damage.
A killer bee zombie comes into view.
The mummy is struck by your spines. The mummy closely misses you.
You hit the mummy but do no damage.
The mummy is lightly damaged.
You hit the mummy. The mummy hits you!
* * * LOW HITPOINT WARNING * * *
The mummy is struck by your spines. The mummy hits you.
You die...

Skill      XL: |  1  2  3  4 |
---------------+-------------+-----
Axes           | 3 4 5 |  5.9
Fighting       | |  3.0
Armour         | |  1.7
Dodging        | |  1.7

Action                   |  1- 3 |  4- 6 || total
-------------------------+-------+-------++-------
Melee: Hand axe          |    61 |    22 ||    83
Invok: Berserk           |     1 |       ||     1
  Use: Scroll            |     3 |       ||     3
 Stab: Sleeping          |     2 |       ||     2
Armor: Animal skin       |     6 |     1 ||     7
Dodge: Dodged            |    44 |     8 ||    52

Levels and vault maps discovered:
D:1:      co_arrival_random_square_maze, layout_basic
D:2:      layout_basic, serial_shops, shop, minmay_tromino_v7, uniq_natasha,
          uniq_jessica
D:4:      layout_basic, mainiacjoe_overflow_alcove_4, general_overflow_altar,
          fedhas_altar_decomposition, enter_ossuary_1, pf_guarded_unrand_meek,
          uniq_blork_the_orc
Ossuary:  ossuary_zaba_flooded

Notes
Turn   | Place    | Note
-------+----------+-------------------------------------------
     0 | D:1      | demibob the Demonspawn Berserker began the quest for the
                  | Orb.
     0 | D:1      | Reached XP level 1. HP: 18/18 MP: 1/1
   221 | D:1      | Reached skill level 3 in Axes
   310 | D:1      | Gained mutation: You are partially covered in sharp spines.
                  | [demonic ancestry]
   310 | D:1      | Reached XP level 2. HP: 21/24 MP: 2/2
   973 | D:2      | Noticed Natasha
   979 | D:2      | Killed Natasha
   980 | D:2      | Reached skill level 4 in Axes
   980 | D:2      | Reached XP level 3. HP: 29/29 MP: 3/3
  1023 | D:2      | Reached ** piety under Trog
  1044 | D:2      | You fall into a shaft and drop 2 floors!
  1105 | D:4      | Found an ornate altar of the Wu Jian Council.
  1118 | D:4      | Found a sand-covered staircase.
  1134 | Ossuary  | Entered an ossuary
  1160 | Ossuary  | Reached XP level 4. HP: 35/35 MP: 4/4
  1173 | Ossuary  | Reached skill level 5 in Axes
  1173 | Ossuary  | Gained mutation: You are partially covered in razor-sharp
                  | scales. (AC +1, Slay +1) [demonic ancestry]
  1173 | Ossuary  | Reached XP level 5. HP: 41/41 MP: 5/5
  1183 | Ossuary  | HP: 1/41 [mummy (13)]
  1183 | Ossuary  | Slain by a mummy

Vanquished Creatures
  A water moccasin zombie (Ossuary)
  2 bullfrog zombies (Ossuary)
  Natasha (D:2)
  A killer bee zombie (Ossuary)
  A mummy (Ossuary)
  A howler monkey zombie (Ossuary)
  A worm (D:4)
  A dart slug (D:1)
  A bat (D:1)
  An endoplasm (D:1)
  4 goblins (D:1)
  3 hobgoblins
  3 quokkas
  4 ball pythons
  A frilled lizard (D:1)
  2 kobolds (D:1)
  A rat (D:2)
29 creatures vanquished.

Vanquished Creatures (others)
  3 withered plants (Ossuary)
3 creatures vanquished.

Grand Total: 32 creatures vanquished

Table legend: (Time is in decaauts)
 A = Elapsed time spent in this place.
 B = Non-inter-level travel time spent in this place.
 C = Inter-level travel time spent in this place.
 D = Time resting spent in this place.
 E = Time spent auto-exploring this place.
 F = Levels seen in this place.
 G = Mean time per level.
                   A        B        C        D        E       F      G
               +--------+--------+--------+--------+--------+-----+--------+
         Total |   1181 |   1155 |     26 |      4 |    927 |   4 |  295.2 |
       Dungeon |   1138 |   1112 |     26 |      0 |    914 |   3 |  379.3 |
       Ossuary |     42 |     42 |      0 |      4 |     13 |   1 |   42.0 |
               +--------+--------+--------+--------+--------+-----+--------+

Top non-repeatable levels by time:
     D:1: 941 daAuts
     D:2: 107 daAuts
     D:4: 90 daAuts
 Ossuary: 42 daAuts

Table legend:
 A = Non-vault XP
 B = Vault XP
 C = Vault XP percentage of total XP
 D = Non-vault monster count
 E = Vault monster count
 F = Vault count percentage of total count
                 A         B        C        D         E       F
            +---------+---------+-------+---------+---------+-------
      Total |      43 |     274 |  86.4 |      22 |       7 |  24.1
            +---------+---------+-------+---------+---------+-------
        D:1 |      29 |       0 |   0.0 |      16 |       0 |   0.0
        D:2 |       7 |      35 |  83.3 |       4 |       1 |  20.0
        D:4 |       7 |       0 |   0.0 |       2 |       0 |   0.0
    Ossuary |       0 |     239 | 100.0 |       0 |       6 | 100.0
            +---------+---------+-------+---------+---------+-------
